 Dungeon Crawl Stone Soup version 0.31.0-11-ge490571c62 (webtiles) character file.

Game seed: 6267590296995002747

261 bnnuy the Cudgeller (level 6, -2/37 HPs)
             Began as a Gargoyle Fighter on Feb 2, 2024.
             Was an Initiate of the Shining One.
             Splashed by a jelly's acid (8 damage)
             ... on level 5 of the Dungeon.
             The game lasted 00:08:13 (4451 turns).

bnnuy the Cudgeller (Gargoyle Fighter)              Turns: 4451, Time: 00:08:14

Health: -2/37      AC:  0    Str: 22    XL:     6   Next: 18%
Magic:  6/6        EV:  9    Int:  8    God:    the Shining One [......]
Gold:   216        SH:  4    Dex:  9    Spells: 5/5 levels left

rFire   . . .        a - +0 flail
rCold   . . .        c - +0 buckler
rNeg    + . .        b - +0 scale mail
rPois   ∞            (no helmet)
rElec   +            (no cloak)
rCorr   .            (no gloves)
SInv    .            (no boots)
Will    .....        (no amulet) Stlth
                     (no ring)
HPRegen 0.26/turn    (no ring)
MPRegen 0.10/turn

%: no passive effects
@: corroded, glowing
A: sickness immunity, AC +4, negative energy resistance 1, electricity
resistance, torment resistance 1, petrification resistance
a: Renounce Religion


You were on level 5 of the Dungeon.
You worshipped the Shining One.
The Shining One was noncommittal.
You visited 2 branches of the dungeon, and saw 6 of its levels.

You collected 216 gold pieces.

Inventory:

Hand Weapons
 a - a +0 flail (weapon)
Armour
 b - a +0 scale mail (worn)
 c - a +0 buckler (worn)
Jewellery
 e - an amulet of faith
 p - a ring of ice
Talismans
 s - a dragon-blood talisman
Wands
 m - a wand of polymorph (10)
 q - a wand of flame (8)
 u - a wand of roots (7)
Scrolls
 h - a scroll of enchant armour {unknown}
 i - a scroll of revelation {unknown}
 j - 7 scrolls of identify {unknown}
 k - 2 scrolls of teleportation {unknown}
 l - a scroll of immolation {unknown}
 r - a scroll of fog {unknown}
 t - a scroll of noise {unknown}
Potions
 d - a potion of might
 f - a potion of heal wounds {unknown}
 g - 2 potions of brilliance {unknown}
 n - 3 potions of haste {unknown}
 o - a potion of invisibility {unknown}


   Skills:
 - Level 3.3 Fighting
 * Level 6.3 Maces & Flails
 - Level 3.3 Armour
 - Level 3.3 Shields


You had 5 spell levels left.
You didn't know any spells.
Your spell library contained the following spells:

 Spells                   Type           Power      Damage    Failure   Level
 Slow                     Hex            0%         N/A       80%         1
 Confusing Touch          Hex            0%         N/A       99%         3
 Sigil of Binding         Hex            0%         N/A       99%         3
 Vampiric Draining        Necr           0%         2d6       99%         3


Dungeon Overview and Level Annotations

Branches:
Dungeon (5/15)             Temple (1/1) D:4

Altars:
Ashenzari
Dithmenos
Fedhas
Gozag
Makhleb
Nemelex Xobeh
Okawaru
Qazlal
Ru
Sif Muna
Trog
Uskayaw
Vehumet
Wu Jian
Xom
Yredelemnul
Zin
The Shining One


Innate Abilities, Weirdness & Mutations

You are immune to sickness and miasma.
Your stone body is resilient. (AC +4)
You are immune to poison.
You resist negative energy. (rN+)
You are resistant to electric shocks. (rElec)
You are resistant to unholy torment.
You are immune to petrification.


Message History

You block the scorpion's attack.
You hit the scorpion but do no damage.
The scorpion is heavily wounded.
The scorpion stings you. x2
You closely miss the scorpion.
The scorpion is heavily wounded.
The scorpion stings you but does no damage.
You sock the scorpion!
You kill the scorpion!
Your Maces & Flails skill increases to level 6!
You have reached level 6!
You start resting.
HP restored.
There is a stone staircase leading down here.
You climb downwards.
You hear the hiss of flowing sand.
There is an entrance to an ossuary on this level.
Hurry and find it before the portal is buried!
You hear the slow hiss of an avalanche of sand very nearby.
Found an arbalest.
There is a stone staircase leading up here.
You see here a +0 arbalest.
Found an escape hatch in the ceiling.
There is an escape hatch in the ceiling here.
A jelly comes into view.
You hear the hiss of a very distant avalanche of sand.
The jelly quivers.
You block the jelly's attack.
You sock the jelly! The acid corrodes you!
Your hands burn!
The jelly is almost dead.
The jelly hits you.
You are splashed with acid!
The jelly misses you.
You hit the jelly but do no damage. The acid corrodes you!
Your hands burn!
The jelly is almost dead.
The jelly hits you. The acid corrodes you!
You are splashed with acid!
* * * LOW HITPOINT WARNING * * *
You completely miss the jelly.
The jelly is almost dead.
The jelly hits you.
* * * LOW HITPOINT WARNING * * *
You are splashed with acid!
You die...

### #.. #.#
#######.#######
..............#
##@# ##.#J#
#.###.. #..#
### #.#.# #.#.#
#.#.# #.#.#
###.#..


You could see a jelly.

Vanquished Creatures
  A scorpion (D:4)
  Crazy Yiuf (D:2)
  Jessica (D:2)
  Ijyb (D:4)
  Terence (D:3)
  An adder (D:2)
  3 gnolls (D:4)
  2 dart slugs
  2 orcs (D:3)
  8 endoplasms
  3 giant cockroaches (D:1)
  4 goblins
  3 hobgoblins
  4 jackals (D:3)
  2 quokkas (D:3)
  6 ball pythons
  4 frilled lizards
  5 kobolds
  3 rats
55 creatures vanquished.

Notes
Turn   | Place    | Note
-------+----------+-------------------------------------------
     0 | D:1      | bnnuy the Gargoyle Fighter began the quest for the Orb.
     0 | D:1      | Reached XP level 1. HP: 14/14 MP: 1/1
   266 | D:1      | Reached XP level 2. HP: 16/19 MP: 2/2
   593 | D:1      | Reached skill level 3 in Maces & Flails
   947 | D:2      | Found a faded altar of an unknown god.
  1004 | D:2      | Noticed Jessica
  1028 | D:2      | Killed Jessica
  1029 | D:2      | Reached XP level 3. HP: 22/23 MP: 3/3
  1062 | D:2      | Reached skill level 4 in Maces & Flails
  1062 | D:2      | Reached XP level 4. HP: 25/28 MP: 4/4
  1707 | D:2      | Found a runed translucent door.
  1708 | D:2      | Noticed Crazy Yiuf
  1717 | D:2      | Killed Crazy Yiuf
  2123 | D:3      | Noticed Terence
  2138 | D:3      | Killed Terence
  2139 | D:3      | Reached skill level 5 in Maces & Flails
  2139 | D:3      | Reached XP level 5. HP: 32/32 MP: 5/5
  2154 | D:3      | Found an ornate altar of the Wu Jian Council.
  2159 | D:3      | Found a shadowy altar of Dithmenos.
  2159 | D:3      | Found a shimmering altar of Xom.
  2172 | D:3      | Found a glowing silver altar of Zin.
  2175 | D:3      | Found a glowing golden altar of the Shining One.
  3034 | D:3      | Became a worshipper of the Shining One
  3597 | D:4      | Noticed Ijyb
  3622 | D:4      | Killed Ijyb
  3659 | D:4      | Found a staircase to the Ecumenical Temple.
  3669 | Temple   | Entered the Ecumenical Temple
  4290 | D:5      | Entered Level 5 of the Dungeon
  4293 | D:5      | Noticed a phantom
  4310 | D:4      | Reached skill level 6 in Maces & Flails
  4310 | D:4      | Reached XP level 6. HP: 23/37 MP: 6/6
  4451 | D:5      | Splashed by a jelly's acid

Illustrated notes

Levels and vault maps discovered:
D:1:      minmay_arrival_open_corners, layout_basic, minivault_26
D:2:      layout_loops_ring, ebering_ecumenical_altar_mist,
          uniq_crazy_yiuf_cottage, uniq_jessica
D:3:      layout_basic, minmay_overflow_temple_star_hex,
          serial_co_window_serial, co_window_corner_a, co_window_paths_b,
          co_window_paths_b, co_window_corner_a, co_window_paths_a,
          co_window_corner_a, co_window_of_opportunity_a,
          co_window_unsneaky_path_b, co_window_of_opportunity_b,
          co_window_corner_ca, co_window_unsneaky_path_c,
          co_window_unsneaky_path_a, glass_columns_a, glass_columns_b,
          glass_columns_a, glass_columns_a, glass_columns_c,
          nrook_loot_triangle, uniq_terence
D:4:      layout_layer_cave, minmay_temple_entry_gardened_gates,
          serial_bayou_pond_a, uniq_ijyb
D:5:      layout_loops_ring, nzn_hepliaklqana_mist_gate,
          mainiacjoe_ossuary_entry_dusty_tomb, grunt_decor_one_mirror,
          corexii_corridor_pit, minmay_joined_circles
Temple:   nicolae_temple_figure_eight

Skill      XL: |  1  2  3  4  5 |
---------------+----------------+-----
Maces & Flails | 3 4 5 6 |  6.3
Fighting       | |  3.3
Armour         | |  3.3
Shields        | |  3.3

Action                     |  1- 3 |  4- 6 || total
---------------------------+-------+-------++-------
  Melee: Flail             |    67 |   118 ||   185
    Use: Potion            |       |     1 ||     1
 Armour: Scale mail        |    36 |    65 ||   101
  Dodge: Dodged            |    27 |    48 ||    75
  Block: Buckler           |    12 |    22 ||    34
